Semilg, lawful female dwarven Valkyrie ---------- -------------------------------- |........| #...............................| |.........###########|...-------- .----------- |<.......| |...|.+.|.(|------.|..| -----+---- |...|...|..|.....|.|.. | |...|..+||-|.._..|.-|-- ---.| |...-|---..|.....|...d--+--....| |..........|.....|......G......| |......%.{%----|--Gd...........| |...................@@.........| |...--+--...........-+---|--...| |...| --------.---| |(..| .| |...| |%!.-.-..| |+..| | ....| |%%.|.|..| |.!.| |...- -----.---- ----- |... ... ----- ----- Semilg the Skirmisher Experience level: 5 Strength: 17 Dexterity: 19 Constitution: 12 Intelligence: 8 Wisdom: 10 Charisma: 9 Health: 0(48) Energy: 0(0) Def: 11 Gold: 150 Moves: 2342 Dungeon seed: p4V5Sb2akl7MBpvR Game ID: Semilg_1570437976 Your Inventory: Coins $ - 150 gold pieces Amulets i - an uncursed amulet versus poison Weapons a - an uncursed +1 long sword (weapon in hand) b - an uncursed +0 dagger v - 4 uncursed +0 darts x - 2 uncursed +0 orcish daggers (in quiver) H - a blessed +0 scimitar R - a blessed +1 orcish dagger Armor e - an uncursed +3 small shield n - an uncursed +0 pair of iron shoes w - an uncursed +0 splint mail (being worn) F - an uncursed +0 orcish helm (being worn) I - an uncursed +0 alchemy smock (being worn) Y - an uncursed +0 dwarvish roundshield (being worn) Comestibles c - an uncursed food ration T - an uncursed carrot U - an uncursed food ration Scrolls k - an uncursed scroll of genocide m - an uncursed scroll of charging O - a blessed scroll of magic mapping Potions f - 2 uncursed potions of levitation g - an uncursed potion of object detection h - an uncursed potion of fruit juice j - a blessed potion of monster detection l - a blessed potion of booze C - an uncursed potion of extra healing P - an uncursed potion of confusion Wands S - an uncursed wand of cancellation (0:6) Tools d - an uncursed oil lamp (0:1093) p - an uncursed tallow candle (0:200) s - an uncursed horn of plenty (0:12) t - an uncursed leash Q - an uncursed mirror Spells and supernatural/magical abilities: Name Level Category Cost Memory W - pray for help -- divine ? -- Your skills at the end: Fighting Skills wands [Basic] Weapon Skills dagger [Basic] long sword [Basic] Spellcasting Skills Final Attributes: You were stridently aligned. You were immune to cold. You were immune to poison. You were immune to acid. You had infravision. You were stealthy. Tyr was noncommittal. You are dead. Vanquished creatures: a housecat a mountain nymph a rock mole a fog cloud a yellow light 12 hill orcs 2 giant bats 2 iguanas 3 coyotes a gas spore a hobgoblin a giant rat 4 gnomes a gnome zombie 2 geckos 7 jackals a fox 6 grid bugs 2 bats 5 lichens 2 newts 57 creatures vanquished. Voluntary challenges: You had been an atheist until turn 1944. You used a wielded weapon 61 times, starting on turn 209. You were illiterate. You never genocided any monsters. You never polymorphed an object. You never changed form. You used no wishes. You never split a pudding. You never wrote Elbereth's name. You violated your moral code, losing 21 points of alignment, starting on turn 2331. Dungeon overview: The Dungeons of Doom: levels 1 to 3 Level 1 a vault a long staircase Level 2 a fountain stairs to The Gnomish Mines Level 3 The Gnomish Mines: levels 3 to 6 Level 3 stairs to The Dungeons of Doom Level 4 Level 5 Level 6 <- You were here some shops, a temple to Odin, some fountains History has recorded: On T:1 you entered the Dungeons of Doom to retrieve the Amulet of Yendor! On T:208 you reached level 2 of The Dungeons of Doom. On T:421 you reached level 3 of The Dungeons of Doom. On T:489 you reached level 1 of The Gnomish Mines. On T:590 you advanced to experience level 2. On T:722 you reached level 2 of The Gnomish Mines. On T:863 you advanced to experience level 3. On T:1074 you reached level 3 of The Gnomish Mines. On T:1384 you advanced to experience level 4. On T:1586 you reached level 4 of The Gnomish Mines. On T:2120 you advanced to experience level 5. Score breakdown: Gold: 150 ( 7412 points) Experience: 5 levels (11141 points) Exploration: 6 levels ( 12.77%) ( 9890 points) Discoveries: 0 items ( 0.00%) ( 0 points) Valuables value: (no points given unless you survive) Artifact value: 0 ( 0 points) Variety of kills: 21 monsters ( 5.53%) ( 7052 points) Turncount: 2342 turns ( -234 points) Survival: died (score multiplied by 80%) Total score: 28208 Latest messages: The watchman hits! [2 turns] You feel more confident in your weapon skills. You hit the watchman! The watchman thrusts his short sword at you. The watchman hits! You miss the watchman. The watchman thrusts his short sword at you. The watchman hits! [2 turns] You sense magical energies being absorbed from the watchman's vicinity. The watchman thrusts his short sword at the little dog. The watchman hits the little dog. The little dog misses the watchman. You hit the watchman. The watchman thrusts his short sword at you. The watchman hits! The watchman thrusts his short sword at you. The watchman hits! You die... Final status: Farvel Semilg the Valkyrie, killed by a watchman... You died in The Gnomish Mines on dungeon level 6 with 28208 points, and 150 pieces of gold, after 2342 moves. You were level 5 with a maximum of 48 hit points when you died.